AoeStats
← NDF

Arabia

509337703Analyzed
1v1 RM · 5d ago on Sep 26, 2026· 110m 13s· 2 players
Game mode
Random Map
Map size
Tiny (2 player)
Population
200
Speed
Normal
Resources
Standard
Victory
Conquest
Starting age
Dark Age
Ending age
Imperial Age
RankedLock teamsTeams togetherTeam positionsShared explorationLock speedFull tech treeHidden civsTurbo modeCheats
Victory
Defeat
🇩🇪 Turks · Germany
542
+25
🇦🇷 Teutons · Argentina
608
-19
steffen.baum
14:35 Feudal Age
15:38 Man-at-Arms
16:36 Double-Bit Axe
18:47 Stone Mining
18:47 Gold Mining
23:20 Wheelbarrow
22:57 Horse Collar
25:59 Castle Age
25:34 Padded Archer Armor
25:26 Fletching
26:39 Crossbowman
26:42 Long Swordsman
27:56 Hand Cart
29:23 Bow Saw
31:08 Heavy Plow
36:50 Imperial Age
35:49 Sipahi
38:32 Elite Janissary
42:03 Gold Shaft Mining
47:15 Hoardings
51:36 Heavy Camel Rider
52:51 Cavalier
58:38 Two-Man Saw
61:38 Two-Handed Swordsman
63:23 Heavy Scorpion
69:26 Bloodlines
69:17 Husbandry
NDF
3:02 Loom
12:48 Feudal Age
14:19 Man-at-Arms
23:39 Castle Age
22:04 Double-Bit Axe
22:03 Horse Collar
22:55 Stone Mining
22:56 Gold Mining
25:00 Crossbowman
26:43 Forging
26:34 Padded Archer Armor
26:35 Scale Mail Armor
27:32 Scale Barding Armor
30:48 Fletching
34:51 Masonry
36:42 Iron Casting
37:53 Stone Shaft Mining
39:31 Elite Skirmisher
50:18 Imperial Age
48:25 Wheelbarrow
48:14 Ballistics
51:31 Fortified Wall
52:47 Cavalier
56:08 Hand Cart
55:39 Town Watch
58:10 Blast Furnace
57:27 Leather Archer Armor
59:17 Chemistry
58:40 Bow Saw
58:35 Heavy Plow
60:50 Two-Man Saw
63:19 Redemption
62:48 Heavy Mounted Crossbowman
65:49 Crop Rotation
68:47 Siege Engineers
68:35 Heated Shot
70:43 Arson
70:59 Squires
72:27 Arrowslits
73:07 Chain Mail Armor
82:00 Bombard Tower
81:32 Guard Tower
82:52 Bloodlines
97:38 Hoardings
97:44 Plate Mail Armor
98:31 Pikeman
100:57 Halberdier
Connection lost

Rejoining the realm…

Still unreachable

The connection could not be restored.

Session expired

The server has moved on; the page needs a fresh start.